 Dungeon Crawl Stone Soup version 0.30.1-4-g462c640d31 (webtiles) character file.

Game seed: 13588949265898646097

2522 Peloso the Carver (level 9, -3/79 HPs)
             Began as a Minotaur Fighter on Sept 13, 2023.
             Was a Believer of Okawaru.
             Slain by Duvessa
             ... wielding a +0 short sword
              (13 damage)
             ... on level 6 of the Dungeon.
             The game lasted 00:11:21 (6726 turns).

Peloso the Carver (Minotaur Fighter)                Turns: 6726, Time: 00:11:22

Health: -3/79      AC: 12    Str: 20    XL:     9   Next: 29%
Magic:  5/8        EV: 11    Int:  5    God:    Okawaru [**....]
Gold:   390        SH:  7    Dex: 15    Spells: 8/8 levels left

rFire   . . .        a - +1 long sword
rCold   . . .        d - +0 buckler
rNeg    . . .        c - +0 chain mail
rPois   .            (helmet restricted)
rElec   .            (no cloak)
rCorr   .            (no gloves)
SInv    .            (no boots)
Will    .....        (no amulet) Stlth
                     (no ring)
HPRegen 0.33/turn    (no ring)
MPRegen 0.11/turn

%: no passive effects
@: heroic
A: horns 2, retaliatory headbutt
a: Renounce Religion, Heroism


You were on level 6 of the Dungeon.
You worshipped Okawaru.
Okawaru was pleased with you.
You visited 2 branches of the dungeon, and saw 8 of its levels.

You collected 390 gold pieces.

Inventory:

Hand Weapons
 a - a +1 long sword (weapon)
 b - the +7 rapier "Undertaker" {flame, rCorr Int+5}
   (You found it on level 4 of the Dungeon)

   Int:       It affects your intelligence (+5).
   rCorr:     It protects you from acid and corrosion.
Armour
 c - a +0 chain mail (worn)
 d - a +0 buckler (worn)
Jewellery
 k - a ring of ice
 w - a +5 ring of evasion
 y - a ring of poison resistance
Wands
 p - a wand of digging (5)
 v - a wand of quicksilver (9)
Scrolls
 f - a scroll of teleportation
 g - a scroll of fog
 l - 3 scrolls of fear {unknown}
 m - 2 scrolls of enchant weapon
 n - 2 scrolls of amnesia {unknown}
 q - a scroll of enchant armour {unknown}
 x - a scroll of magic mapping {unknown}
 z - a scroll of identify
Potions
 e - a potion of brilliance
 h - 3 potions of lignification
 i - a potion of might
 j - 2 potions of cancellation
 o - 7 potions of curing
 r - 4 potions of haste
 s - a potion of attraction {unknown}
 t - 2 potions of flight
 u - 2 potions of mutation {unknown}


   Skills:
 + Level 7.4(12.4) Fighting
 + Level 9.9(14.9) Long Blades
 + Level 8.5(13.5) Armour
 + Level 2.4(7.4) Dodging
 + Level 0.5(5.5) Stealth
 + Level 6.1(11.1) Shields


You had 8 spell levels left.
You didn't know any spells.
Your spell library contained the following spells:

 Spells                   Type           Power      Damage    Failure   Level
 Kiss of Death            Conj/Necr      0%         2d5       96%         1
 Necrotise                Necr           0%         1d4       96%         1
 Confusing Touch          Hex            0%         N/A       100%        3
 Vampiric Draining        Necr           0%         2d6       100%        3
 Dispel Undead            Necr           0%         3d6       100%        4
 Agony                    Necr           0%         N/A       100%        5


Dungeon Overview and Level Annotations

Branches:
Dungeon (7/15)             Temple (1/1) D:5

Altars:
Ashenzari
Cheibriados
Elyvilon
Fedhas
Gozag
Hepliaklqana
Kikubaaqudgha
Makhleb
Okawaru
Qazlal
Ru
Sif Muna
Trog
Uskayaw
Vehumet
Wu Jian
Xom
Yredelemnul
Zin

Annotations:
D:6 Duvessa
Temple 2 transporters


Innate Abilities, Weirdness & Mutations

You have a pair of horns on your head.
You reflexively headbutt those who attack you in melee.


Message History

Duvessa is moderately wounded.
Duvessa hits you with a +0 short sword!
You hit Duvessa but do no damage.
Duvessa is moderately wounded.
Duvessa barely misses you. You furiously retaliate!
You headbutt Duvessa!
Unknown command.
You barely miss Duvessa.
Duvessa is heavily wounded.
Duvessa hits you with a +0 short sword.
Unknown command.
You slash Duvessa!
Duvessa is almost dead.
You feel like a meek peon again. Duvessa barely misses you.
Duvessa closely misses you.
Unknown command.
You barely miss Duvessa.
Duvessa is almost dead.
Duvessa hits you with a +0 short sword.
Unknown command.
You hit Duvessa.
Duvessa is almost dead.
Duvessa hits you with a +0 short sword!
* * * LOW HITPOINT WARNING * * *
Unknown command.
You gain the combat prowess of a mighty hero.
Okawaru will no longer gift you throwing weapons.
Duvessa closely misses you. Duvessa hits you but does no damage.
You hit Duvessa. You headbutt Duvessa, but do no damage.
Duvessa is almost dead.
You block Duvessa's attack.
Unknown command.
You hit Duvessa.
Duvessa is almost dead.
Duvessa hits you with a +0 short sword!
* * * LOW HITPOINT WARNING * * *
Unknown command.
You hit Duvessa but do no damage.
Duvessa is almost dead.
Duvessa hits you with a +0 short sword!
You die...

###### ########## ##.## .....#
##........###...##
####.##########.).#####.##.....##
#.........#........#.#........
#########...................##
###........#.###......
##...##..#.# ##..### ##.###..#.#
##.# #@# #....# #.#
#e####...#####.### #####
#.>..<............ ....#
###.............##. ###.#
#............#####.
###.###########........###.#####.
.......................###.<.....
..#.###########.....##...........
..#.# #.....##..########.


You could see Duvessa (berserk).

Vanquished Creatures
  Pikel (D:5)
  Grinder (D:6)
  Sigmund (D:5)
  2 steam dragons (D:6)
  An acid dragon (D:6)
  Edmund (D:6)
  A sky beast (D:6)
  A centaur (D:6)
  3 lemures (D:5)
  Blork the orc (D:6)
  2 bullfrogs
  A scorpion (D:6)
  Dowan (D:6)
  5 hounds
  Crazy Yiuf (D:6)
  3 orc priests
  2 sleepcaps
  5 iguanas
  Ijyb (D:3)
  An orc wizard (D:3)
  Robin (D:3)
  4 gnolls (D:3)
  6 adders
  2 shadow imps
  A white imp (D:5)
  An ufetubus (D:5)
  3 worms (D:2)
  7 dart slugs
  12 orcs
  7 bats
  7 endoplasms
  17 goblins
  6 hobgoblins
  9 jackals
  8 ball pythons
  7 frilled lizards
  5 kobolds
  8 rats
146 creatures vanquished.

Notes
Turn   | Place    | Note
-------+----------+-------------------------------------------
     0 | D:1      | Peloso the Minotaur Fighter began the quest for the Orb.
     0 | D:1      | Reached XP level 1. HP: 19/19 MP: 0/0
   150 | D:1      | Reached XP level 2. HP: 27/27 MP: 1/1
   324 | D:1      | You fall into a shaft and drop 1 floor!
   503 | D:2      | Reached XP level 3. HP: 33/33 MP: 2/2
   519 | D:2      | Reached skill level 3 in Long Blades
  1009 | D:2      | Reached skill level 1 in Dodging
  1073 | D:2      | Reached XP level 4. HP: 39/40 MP: 3/3
  1227 | D:1      | Found a faded altar of an unknown god.
  1945 | D:3      | Reached skill level 4 in Long Blades
  2149 | D:3      | Reached XP level 5. HP: 35/47 MP: 4/4
  2413 | D:3      | Noticed Robin
  2421 | D:3      | Killed Robin
  3072 | D:3      | Noticed Ijyb
  3087 | D:3      | Killed Ijyb
  3088 | D:3      | Reached skill level 5 in Armour
  3088 | D:3      | Reached XP level 6. HP: 49/53 MP: 5/5
  3362 | D:4      | Found a hazy altar of Hepliaklqana.
  3393 | D:4      | Reached skill level 5 in Long Blades
  3403 | D:4      | Reached skill level 5 in Fighting
  3511 | D:4      | Identified the +7 rapier "Undertaker" {flame, rCorr Int+5}
  3959 | D:4      | Found a hide-covered altar of Uskayaw.
  3997 | D:4      | Found a radiant altar of Vehumet.
  4029 | D:4      | Noticed a two-headed ogre
  4138 | D:5      | Entered Level 5 of the Dungeon
  4266 | D:5      | Found a staircase to the Ecumenical Temple.
  4294 | D:5      | Reached XP level 7. HP: 53/61 MP: 6/6
  4307 | Temple   | Entered the Ecumenical Temple
  4307 | Temple   | Found a transporter.
  4307 | Temple   | Found a transporter.
  4309 | Temple   | Found a transporter.
  4309 | Temple   | Found a transporter.
  4328 | Temple   | Became a worshipper of Warmaster Okawaru
  4418 | D:5      | Reached skill level 5 in Shields
  4642 | D:5      | Noticed Sigmund
  4663 | D:5      | Killed Sigmund
  4664 | D:5      | Reached skill level 6 in Long Blades
  4666 | D:5      | Reached * piety under Okawaru
  4841 | D:5      | Noticed Pikel
  4859 | D:5      | Killed Pikel
  4859 | D:5      | Reached ** piety under Okawaru
  4860 | D:5      | Reached skill level 8 in Long Blades
  4860 | D:5      | Reached XP level 8. HP: 23/70 MP: 7/7
  5249 | D:6      | Noticed Edmund
  5261 | D:6      | Killed Edmund
  5412 | D:6      | Found an opulent altar of Gozag.
  5469 | D:6      | Noticed Blork the orc
  5481 | D:6      | Killed Blork the orc
  5584 | D:6      | Found a glowing silver altar of Zin.
  5866 | D:6      | Reached skill level 9 in Long Blades
  5941 | D:6      | Reached XP level 9. HP: 52/79 MP: 8/8
  5943 | D:6      | Noticed Grinder
  5957 | D:6      | Paralysed by Grinder for 3 turns
  5961 | D:6      | Killed Grinder
  5961 | D:6      | Reached *** piety under Okawaru
  5965 | D:6      | Identified the +0 scale mail of the Jolly Souls {+Blink
                  | Will++ Str-3 Int+2}
  6455 | D:6      | Found a runed translucent door.
  6456 | D:6      | Noticed Crazy Yiuf
  6650 | D:6      | Killed Crazy Yiuf
  6700 | D:7      | Noticed Duvessa
  6700 | D:7      | Noticed Dowan
  6700 | D:7      | Found a blossoming altar of Fedhas.
  6711 | D:6      | Killed Dowan
  6726 | D:6      | Slain by Duvessa

Illustrated notes

Levels and vault maps discovered:
D:1:      erik_arrival_cave_to_civilisation [erik_arrival_cave_to_hall],
          layout_basic, hellmonk_ecumenical_altar_heavens_door
D:2:      layout_basic, minmay_pentomino_pile
D:3:      layout_basic, serial_corexii_hall, corexii_hall_statues_l,
          chequers_hall_statues_y, chequers_hall_statues_y,
          minmay_tree_intersection, minivault_14, minivault_19,
          wander_ebering_terrifying_dragon_lair, uniq_ijyb, uniq_robin
D:4:      layout_basic, mainiacjoe_overflow_catwalk,
          worldfamousw_hep_ancestral_shrine, kennysheep_mini_moat,
          tso_oasis_becter
D:5:      layout_basic, minmay_temple_entry_mist, uniq_sigmund, uniq_pikel
D:6:      cheibrodos_steamvent, layout_loops_ring, marbit_many_paths,
          nicolae_overflow_hidden_temple, kennysheep_nub, uniq_grinder,
          uniq_crazy_yiuf_cottage, uniq_edmund, uniq_blork_the_orc
D:7:      layout_rooms, nicolae_dithmenos_through_a_glass_darkly,
          fedhas_altar_3, gammafunk_ghost_stat_death, nzn_random_ring,
          uniq_prince_ribbit1, uniq_duvessa
Temple:   hellmonk_temple_divided_pantheon

Skill      XL: |  1  2  3  4  5  6  7  8  9 |
---------------+----------------------------+-----
Shields        | 4 5 6 |  6.1
Armour         | 4 5 7 8 |  8.5
Long Blades    | 3 4 5 8 9 |  9.9
Fighting       | 4 5 6 7 |  7.4
Dodging        | 1 2 |  2.4
Stealth        | |  0.5

Action                     |  1- 3 |  4- 6 |  7- 9 || total
---------------------------+-------+-------+-------++-------
  Melee: Long sword        |    87 |   178 |   221 ||   486
         Headbutt          |    12 |    24 |    40 ||    76
 Invoke: Heroism           |       |       |     2 ||     2
  Evoke: Wand              |       |       |     1 ||     1
    Use: Scroll            |       |     6 |     3 ||     9
         Potion            |       |     4 |     4 ||     8
 Armour: Scale mail        |    44 |     9 |       ||    53
         Chain mail        |       |    89 |   101 ||   190
  Dodge: Dodged            |    53 |    76 |    76 ||   205
  Block: Buckler           |    18 |    41 |    55 ||   114
